Map: [ESL] Oceanborn

Players

Serral - Winner!

  • Race: Zerg Zerg
  • Spawn Location: 11:00

SHIN

  • Race: Zerg Zerg
  • Spawn Location: 5:00

Event: ESL Spring 2024 Finals

VOD

Have the link to the VOD?

Description

Time

  • Played on: June 1, 2024, 7:53 p.m.
  • Length: 8:59

All games in this series

Show
View Real Time Build Order
Export as new Build Order

Serral Zerg - Winner!

Build Orders: Hatch First 

Get SALT Encoding   

  12  0:00  Drone  
  13  0:12  Overlord  
  13  0:17  Drone  
  14  0:30  Drone  
  14  0:31  Drone  
  16  0:48  Hatchery  
  15  0:52  Drone  
  15  0:55  Drone  
  17  0:58  Drone  
  18  1:09  Extractor  
  17  1:14  Spawning Pool  
  17  1:17  Drone  
  17  1:20  Drone  
  18  1:27  Drone  
  19  1:38  Drone  
  20  1:49  Drone  
  21  2:00  Queen x2  
  26  2:01  Zergling x2, Overlord  
  26  2:08  Metabolic Boost  
  26  2:10  Drone  
  26  2:11  Drone  
  28  2:22  Drone, Zergling x2  
  30  2:33  Hatchery  
  30  2:35  Drone  
  30  2:38  Drone  
  30  2:43  Drone  
  32  2:47  Baneling Nest  
  32  2:50  Overlord  
  31  2:55  Drone x2  
  33  3:05  Drone x2  
  35  3:08  Drone  
  35  3:09  Drone x2  
  35  3:10  Zergling x2  
  35  3:11  Zergling x2  
  40  3:14  Zergling x2  
  40  3:18  Overlord  
  41  3:20  Drone  
  41  3:25  Queen  
  44  3:31  Roach Warren  
  44  3:33  Drone  
  44  3:36  Drone  
  44  3:40  Drone x3  
  48  3:43  Drone  
  48  3:44  Drone  
  48  3:46  Drone  
  48  3:47  Drone  
  52  3:54  Overlord  
  52  3:58  Drone  
  52  3:59  Drone x2  
  52  4:02  Overlord  
  54  4:04  Drone  
  54  4:05  Extractor  
  54  4:07  Zergling x2  
  54  4:08  Baneling  
  55  4:12  Drone x2  
  55  4:15  Drone x2, Overlord  
  59  4:18  Overlord  
  58  4:26  Zergling x2  
  58  4:27  Roach  
  58  4:29  Roach  
  58  4:30  Evolution Chamber  
  62  4:37  Roach x2  
  66  4:41  Roach x2  
  66  4:42  Overlord  
  66  4:43  Roach  
  71  4:46  Roach x5  
  71  4:49  Extractor  
  71  4:50  Overlord  
  80  4:56  Overlord  
  80  5:01  Roach x4  
  80  5:05  Spine Crawler  
  87  5:07  Roach  
  87  5:09  Baneling x2  
  87  5:12  Overlord  
  87  5:13  Zergling x2  
  90  5:19  Roach x2  
  90  5:20  Zergling x8  
  97  5:30  Drone x7  
  105  5:40  Lair, Drone  
  106  5:45  Extractor  
  106  5:48  Overlord  
  106  5:49  Drone x3  
  108  5:51  Zerg Missile Weapons Level 1  
  108  5:52  Drone x5  
  108  5:56  Drone x2  
  113  5:58  Extractor  
  113  5:59  Overlord  
  112  6:05  Drone  
  112  6:06  Drone  
  114  6:11  Extractor  
  114  6:13  Drone  
  114  6:16  Drone  
  114  6:17  Drone  
  116  6:18  Roach  
  116  6:19  Roach x4  
  116  6:23  Roach x2  
  129  6:28  Drone x2, Hatchery  
  129  6:30  Overlord  
  129  6:31  Roach x2  
  134  6:39  Overseer, Pneumatized Carapace  
  134  6:41  Glial Reconstitution  
  134  6:44  Roach, Hydralisk Den  
  134  6:46  Overseer  
  135  6:47  Overlord x2  
  135  6:53  Overlord  
  135  6:55  Roach x3  
  140  7:02  Roach x3  
  140  7:06  Roach x4, Spine Crawler  
  154  7:09  Ravager x2  
  154  7:11  Roach x2  
  154  7:14  Overlord  
  160  7:16  Roach x2  
  160  7:18  Ravager  
  160  7:21  Roach x2  
  169  7:28  Roach x3  
  158  7:33  Roach  
  158  7:34  Roach x4  
  158  7:35  Roach  
  148  7:38  Roach  
  148  7:39  Roach  
  148  7:40  Roach  
  148  7:42  Roach  
  148  7:43  Roach  
  148  7:44  Roach  
  138  7:45  Roach  
  138  7:49  Roach x2  
  138  7:51  Roach  
  128  7:54  Roach  
  128  7:57  Roach  
  128  7:58  Roach  
  128  7:59  Queen  
  128  8:01  Roach  
  128  8:03  Roach x2  
  136  8:11  Roach x2  
  140  8:18  Roach x4  
  148  8:23  Roach x3  
  154  8:27  Ravager  
  154  8:28  Ravager  
  154  8:30  Roach x2  
  160  8:36  Overlord  
  160  8:37  Roach x4  
Show
View Real Time Build Order
Export as new Build Order

SHIN Zerg 

Build Orders: Hatch First 

Get SALT Encoding   

  12  0:00  Drone  
  13  0:08  Drone  
  14  0:16  Overlord  
  14  0:34  Drone x2  
  16  0:46  Hatchery  
  15  0:50  Drone  
  15  0:54  Drone  
  18  0:57  Drone  
  18  1:08  Extractor  
  17  1:12  Spawning Pool  
  17  1:15  Drone  
  17  1:20  Drone  
  18  1:29  Drone  
  19  1:39  Drone  
  20  1:50  Drone  
  21  1:59  Queen x2, Zergling x2  
  21  2:00  Overlord  
  26  2:08  Metabolic Boost  
  26  2:10  Drone  
  26  2:11  Drone  
  28  2:20  Drone  
  28  2:21  Drone  
  30  2:33  Drone  
  30  2:36  Hatchery  
  30  2:40  Queen  
  30  2:43  Drone  
  33  2:46  Drone  
  33  2:50  Baneling Nest  
  33  2:55  Overlord  
  33  2:59  Drone  
  33  3:00  Drone  
  35  3:09  Drone  
  36  3:13  Zergling x8  
  36  3:15  Overlord  
  36  3:19  Drone x2  
  42  3:28  Drone x2  
  42  3:34  Baneling  
  44  3:35  Drone  
  44  3:37  Roach Warren  
  44  3:41  Drone x4  
  48  3:47  Extractor  
  47  3:49  Drone, Overlord  
  47  3:50  Drone  
  49  3:57  Evolution Chamber  
  49  4:00  Drone x4  
  52  4:05  Overlord  
  52  4:10  Overlord  
  52  4:20  Roach x6  
  63  4:30  Roach x4  
  71  4:33  Roach  
  71  4:34  Roach  
  76  4:45  Zergling x12  
  76  4:50  Zerg Missile Weapons Level 1  
  81  4:53  Overlord x2  
  81  4:56  Overlord  
  81  5:02  Drone  
  81  5:04  Lair  
  81  5:08  Extractor  
  81  5:11  Drone x5  
  81  5:12  Drone  
  86  5:15  Drone x3  
  86  5:21  Drone x2  
  91  5:26  Roach  
  91  5:27  Roach x2  
  91  5:28  Roach  
  96  5:32  Roach x2  
  96  5:34  Overlord  
  96  5:35  Extractor  
  99  5:37  Roach  
  99  5:39  Overlord  
  99  5:42  Drone x2  
  103  5:44  Roach  
  103  5:49  Overlord  
  105  5:53  Overlord  
  105  5:54  Roach x2  
  105  5:55  Roach  
  111  5:59  Overlord  
  111  6:02  Glial Reconstitution  
  111  6:04  Roach  
  113  6:06  Drone x2  
  113  6:09  Roach x2  
  113  6:10  Drone  
  120  6:13  Extractor  
  120  6:14  Roach  
  120  6:17  Roach, Overlord  
  123  6:20  Overlord  
  122  6:27  Roach x3  
  130  6:33  Roach x3, Extractor  
  130  6:38  Roach x2  
  137  6:40  Roach  
  137  6:41  Roach  
  137  6:45  Roach x2  
  145  6:48  Roach  
  145  6:49  Roach  
  145  6:51  Overlord  
  150  6:55  Roach  
  150  6:57  Extractor  
  150  6:59  Roach x2  
  149  7:02  Roach x2  
  149  7:04  Baneling x3  
  149  7:06  Roach  
  156  7:09  Roach  
  156  7:10  Roach  
  156  7:14  Roach x2  
  164  7:17  Overlord  
  164  7:19  Roach  
  164  7:21  Roach  
  168  7:25  Roach  
  168  7:28  Roach x3  
  161  7:30  Roach  
  161  7:32  Roach  
  161  7:34  Roach  
  161  7:36  Roach  
  145  7:37  Roach  
  145  7:41  Roach  
  145  7:42  Roach  
  137  7:44  Roach  
  137  7:47  Roach  
  137  7:48  Roach  
  137  7:50  Roach  
  125  7:52  Roach  
  125  7:55  Roach  
  125  7:56  Roach  
  117  7:59  Roach  
  117  8:03  Roach x2  
  117  8:04  Roach  
  123  8:07  Roach  
  123  8:08  Roach  
  123  8:11  Roach  
  123  8:12  Roach  
  131  8:14  Roach  
  131  8:16  Roach  
  131  8:18  Roach  
  133  8:21  Roach x2  
  133  8:25  Ravager x2  
  133  8:27  Ravager  
  140  8:29  Roach x2  
  140  8:34  Roach x3  
  150  8:40  Roach x3  
Tags
 
Add a new tag
Caveats
  • Supply blocks, unpowered buildings, or Contaminate may cause inaccurate times.
  • Supply counts are checked every 10 seconds.